 Dungeon Crawl Stone Soup version 0.21.1-1-g345015f (webtiles) character file.

161 glosham the Skirmisher (level 5, -2/36 HPs)
             Began as a Kobold Artificer on May 16, 2018.
             Slain by an iguana (9 damage)
             ... on level 4 of the Dungeon.
             The game lasted 00:14:20 (687 turns).

glosham the Skirmisher (Kobold Artificer)            Turns: 687, Time: 00:14:21

Health: -2/36      AC:  6    Str: 10    XL:     5   Next: 70%
Magic:  0/7        EV: 13    Int: 13    God:
Gold:   57         SH:  0    Dex: 15    Spells: 1/4 levels left

rFire    . . .     SeeInvis .   a - +0 short sword
rCold    . . .     Gourm    .   (shield restricted)
rNeg     . . .     Faith    .   X - +0 ring mail
rPois    .         Spirit   +   U - +0 helmet
rElec    .         Reflect  .   Y - scarf {Spirit}
rCorr    .         Harm     .   (no gloves)
MR       .....                  (no boots)
Stlth    +.........             z - amulet of magic regeneration
HPRegen  0.12/turn              (no ring)
MPRegen  0.35/turn              (no ring)

@: no status effects
A: small, carnivore
a: no special abilities


You were on level 4 of the Dungeon.
You were completely stuffed.

You visited 1 branch of the dungeon, and saw 4 of its levels.

You collected 57 gold pieces.

Inventory:

Hand Weapons
 a - a +0 short sword (weapon)
 q - a +0 hand axe
Missiles
 g - 13 arrows
 j - 63 stones (quivered)
 k - 12 poisoned needles
 l - 25 bolts
 m - 16 sling bullets
 n - 7 needles of paralysis
Armour
 U - a +0 helmet (worn)
 X - a +0 ring mail (worn)
 Y - a scarf of spirit shield (worn)
Jewellery
 z - an amulet of magic regeneration (around neck)
Wands
 c - a wand of flame (9)
 d - a wand of enslavement (15)
 e - a wand of random effects (7)
Scrolls
 h - 2 scrolls of fear {unknown}
 o - 2 scrolls of enchant armour {unknown}
Potions
 b - a potion of invisibility {unknown}
 i - a potion of heal wounds {unknown}
Books
 p - a book of Cantrips

   Spells                             Type                      Level
   a - Confusing Touch                Hexes                        1
   b - Animate Skeleton               Necromancy                   1
   c - Summon Small Mammal            Summoning                    1
   d - Apportation                    Translocation                1
Comestibles
 f - 4 rations
 r - a chunk of flesh


   Skills:
 * Level 5.6 Fighting
 - Level 1.3 Short Blades
 - Level 2.4 Dodging
 - Level 1.3 Stealth
 - Level 3.6 Evocations


You had one spell level left.
You knew the following spells:

 Your Spells              Type           Power        Failure   Level  Hunger
a - Apportation           Tloc           #.....       63%         1    ##.....
c - Confusing Touch       Hex            #.....       63%         1    ##.....
A - Animate Skeleton      Necr           N/A          63%         1    ##.....


Dungeon Overview and Level Annotations

Branches:
Dungeon (4/15)
 Temple: D:4-7

Altars:
Cheibriados
Hepliaklqana
The Shining One


Innate Abilities, Weirdness & Mutations

You are small and have problems with some larger weapons.
You are carnivorous and can eat meat at any time.


Message History

f - 3 rations (gained 1)
Found 7 gold pieces.
You see here 7 gold pieces.
You now have 57 gold pieces (gained 7).
Found a ration.
You see here a ration.
f - 4 rations (gained 1)
Found a leather armour.
An iguana comes into view.
The iguana hisses angrily.
You closely miss the iguana. The iguana closely misses you.
You hit the iguana.
The iguana is lightly wounded.
The iguana hisses menacingly.
The iguana bites you!
You completely miss the iguana.
The iguana is lightly wounded.
The iguana bites you but does no damage.
You hit the iguana.
The iguana is moderately wounded.
The iguana bites you.
You hit the iguana but do no damage.
The iguana is moderately wounded.
The iguana bites you!
* * * LOW HITPOINT WARNING * * *
Evoke which item? (* to show all) (? for menu, Esc to quit)
Aiming: Throw Flame
Press: ? - help, Shift-Dir - straight line, f - iguana
Aim: an iguana (moderately wounded)
The puff of flame hits the iguana.
The iguana is almost dead.
The iguana closely misses you.
Evoke which item? (* to show all) (? for menu, Esc to quit)
Aiming: Throw Flame
Press: ? - help, Shift-Dir - straight line, f/p - iguana
Aim: an iguana (almost dead)
The puff of flame hits the iguana.
The iguana is almost dead.
The iguana bites you!
You die...

#.............##
....#####.....##
...# ##.....# ..
##...## #..##
####.#
.#####...##
.........#
........@#
...[...#l#
...........
.........###
.....##..# .....
#.## .#### .. ..


You could see an iguana.

Vanquished Creatures
  An ogre (D:4)
  A worker ant (D:3)
  2 adders (D:3)
  3 leopard geckos
  An orc (D:3)
  2 bats (D:1)
  4 giant cockroaches
  3 goblins
  5 hobgoblins
  2 jackals (D:1)
  3 frilled lizards
  2 kobolds (D:1)
  2 rats (D:3)
31 creatures vanquished.

Notes
Turn   | Place    | Note
-------+----------+-------------------------------------------
     0 | D:1      | glosham the Kobold Artificer began the quest for the Orb.
     0 | D:1      | Reached XP level 1. HP: 12/12 MP: 3/3
   146 | D:1      | Reached skill level 2 in Fighting
   146 | D:1      | Reached XP level 2. HP: 14/17 MP: 4/4
   311 | D:3      | Found a glowing golden altar of the Shining One.
   335 | D:3      | Reached skill level 3 in Fighting
   335 | D:3      | Reached XP level 3. HP: 18/24 MP: 1/5
   336 | D:3      | Reached XP level 4. HP: 23/29 MP: 1/6
   343 | D:3      | Reached skill level 4 in Fighting
   373 | D:3      | Found a snail-covered altar of Cheibriados.
   384 | D:3      | Found a hazy altar of Hepliaklqana.
   525 | D:3      | Learned a level 1 spell: Apportation
   527 | D:3      | Learned a level 1 spell: Animate Skeleton
   529 | D:3      | Learned a level 1 spell: Confusing Touch
   577 | D:4      | Noticed an ogre
   582 | D:4      | Killed an ogre
   582 | D:4      | Reached skill level 5 in Fighting
   582 | D:4      | Reached XP level 5. HP: 15/36 MP: 2/7
   687 | D:4      | Slain by an iguana

Skill      XL: |  1  2  3  4 |
---------------+-------------+-----
Fighting       | 2 3 5 |  5.6
Short Blades   | |  1.3
Dodging        | |  2.4
Stealth        | |  1.3
Evocations     | |  3.6

Action                   |  1- 3 |  4- 6 || total
-------------------------+-------+-------++-------
Melee: Short sword       |    73 |    57 ||   130
Evoke: Wand              |     4 |    10 ||    14
  Eat: Chunk             |     7 |     1 ||     8
Armor: Leather armour    |     5 |       ||     5
       Ring mail         |    16 |    11 ||    27
Dodge: Dodged            |    49 |    41 ||    90

Table legend:
 A = Turns spent in this place as a percentage of turns spent in the entire game.
 B = Non-inter-level travel turns spent in this place as a percentage of non-inter-level travel turns spent in the entire game.
 C = Inter-level travel turns spent in this place as a percentage of turns spent in this place.
 D = Turns resting spent in this place as a percentage of non-inter-level travel turns spent in this place.
 E = Turns spent auto-exploring this place as a percentage of non-inter-level travel turns spent in this place.
 F = Non-inter-level travel turns spent in this place divided by the number of levels of this place that you've seen.
                   A       B       C       D       E      F
               +-------+-------+-------+-------+-------+----------------------
         Total | 100.0 | 100.0 |   0.0 |   0.0 |   0.0 | 171.8
       Dungeon | 100.0 | 100.0 |   0.0 |   0.0 |   0.0 | 171.8
               +-------+-------+-------+-------+-------+----------------------

Table legend:
 A = Kills in this place as a percentage of kills in entire the game.
 B = Kills by you in this place as a percentage of kills by you in the entire game.
 C = Kills by friends in this place as a percentage of kills by friends in the entire game.
 D = Other kills in this place as a percentage of other kills in the entire game.
 E = Experience gained in this place as a percentage of experience gained in the entire game.
 F = Experience gained in this place divided by the number of levels of this place that you have seen.
                   A       B       C       D       E      F
               +-------+-------+-------+-------+-------+----------------------
         Total | 100.0 | 100.0 |   N/A |   N/A | 100.0 |  57.8
       Dungeon | 100.0 | 100.0 |   N/A |   N/A | 100.0 |  57.8
               +-------+-------+-------+-------+-------+----------------------

Vault maps used:
D:1:      sevenhm_arrival_forest_fort_large_4, minmay_stone_trees_medium,
          wad_floor_pattern_untrapped, minmay_pentomino_r4
D:3:      old_standard_altar, amethyst_overflow_temple_binary,
          palyth_stone_intersect, nicolae_underground_beach
D:4:      cheibrodos_old_hovel, nrook_loot_triangle, uniq_edmund, uniq_robin,
          uniq_ijyb
